 Dungeon Crawl Stone Soup version 0.28-a0-1632-g283549b12f (webtiles) character file.

Game seed: 8989070363090782711

2986 feta the Skirmisher (level 9, 0/57 HPs)
             Began as a Gargoyle Gladiator on Jan 25, 2022.
             Was a Follower of Makhleb.
             Slain by Grum (8 damage)
             ... on level 8 of the Dungeon.
             The game lasted 00:12:39 (7405 turns).

feta the Skirmisher (Gargoyle Gladiator)            Turns: 7405, Time: 00:12:39

Health: 0/57       AC: 14    Str: 23    XL:     9   Next: 83%
Magic:  0/13       EV: 17    Int: 12    God:    Makhleb [*.....]
Gold:   309        SH:  0    Dex: 11    Spells: 12/13 levels left

rFire   . . .      SeeInvis .   t - +9 whip of Nuloydezxywu {vamp, Str+4}
rCold   . . .      Faith    .   (no shield)
rNeg    + . .      Spirit   +   C - +0 steam dragon scales
rPois   ∞          Reflect  .   c - +0 helmet
rElec   +          Harm     .   I - +0 cloak
rCorr   .          Rampage  .   (no gloves)
Will    +....                   (no boots)
Stlth   +.........              i - amulet of guardian spirit
HPRegen 0.19/turn               l - ring of willpower
MPRegen 0.13/turn               A - +4 ring of evasion

@: no status effects
A: sickness immunity, AC +6, negative energy resistance 1, electricity
resistance, torment resistance 1, petrification resistance
a: Renounce Religion


You were on level 8 of the Dungeon.
You worshipped Makhleb.
Makhleb was aware of your devotion.
You visited 2 branches of the dungeon, and saw 9 of its levels.

You collected 309 gold pieces.

Inventory:

Hand Weapons
 a - a +0 war axe
 t - the +9 whip of Nuloydezxywu (weapon) {vamp, Str+4}
   (You found it on level 3 of the Dungeon)

   It occasionally heals its wielder for a portion of the damage dealt when it
   wounds a living foe.
   Str:       It affects your strength (+4).
Missiles
 d - 3 throwing nets
 g - 13 poisoned darts
 j - 57 bolts
 w - 2 curare-tipped darts
Armour
 c - a +0 helmet (worn)
 C - +0 steam dragon scales (worn)
 I - a +0 cloak (worn)
Jewellery
 i - an amulet of guardian spirit (around neck)
 l - a ring of willpower (left hand)
 q - the ring of Aliekhi {Ice rN+ MP-9 Str+4 SInv}
   (You found it on level 7 of the Dungeon)

   [ring of ice]

   It enhances your ice magic.
   Str:       It affects your strength (+4).
   rF:        It makes you vulnerable to fire.
   rC:        It protects you from cold.
   rN:        It protects you from negative energy.
   MP:        It affects your magic capacity (-9).
   SInv:      It lets you see invisible.
 A - a +4 ring of evasion (right hand)
 L - a ring of resist corrosion
Wands
 m - a wand of polymorph (12)
 x - a wand of digging (4)
 D - a wand of flame (53)
 K - a wand of paralysis (8)
Scrolls
 e - a scroll of teleportation {unknown}
 f - 9 scrolls of identify {unknown}
 h - 2 scrolls of enchant weapon {unknown}
 k - a scroll of magic mapping {unknown}
 p - a scroll of fog {unknown}
 r - 5 scrolls of blinking {unknown}
 s - a scroll of fear {unknown}
 v - 3 scrolls of vulnerability {unknown}
 y - a scroll of brand weapon {unknown}
 z - a scroll of holy word {unknown}
 F - a scroll of noise {unknown}
Potions
 b - 2 potions of heal wounds {unknown}
 n - a potion of haste {unknown}
 o - a potion of mutation {unknown}
 u - 4 potions of curing {unknown}
 B - a potion of lignification {unknown}
 E - 2 potions of invisibility
 G - a potion of might {unknown}
 H - a potion of berserk rage {unknown}
 J - a potion of brilliance {unknown}


   Skills:
 + Level 7.0 Fighting
 + Level 6.6 Axes
 - Level 1.7 Throwing
 + Level 4.1 Armour
 - Level 4.0 Dodging
 + Level 2.9 Spellcasting
 + Level 4.8 Necromancy
 + Level 4.1 Invocations
 + Level 0.2 Evocations


You had 12 spell levels left.
You knew the following spells:

 Your Spells              Type           Power      Damage    Failure   Level
z - Pain                  Necr           52%        1d6       3%          1

Your spell library contained the following spells:

 Spells                   Type           Power      Damage    Failure   Level
 Magic Dart               Conj           4%         1d3       26%         1
 Shock                    Conj/Air       4%         1d3       26%         1
 Call Imp                 Summ           1%         N/A       36%         2
 Mephitic Cloud           Conj/Pois/Air  1%         N/A       58%         3
 Swiftness                Air            1%         N/A       58%         3
 Tukima's Dance           Hex            1%         N/A       58%         3
 Agony                    Necr           13%        N/A       67%         5
 Excruciating Wounds      Necr           6%         N/A       67%         5
 Airstrike                Air            0%         N/A       94%         4
 Passage of Golubria      Tloc           1%         N/A       94%         4
 Yara's Violent Unravell  Hex/Tmut       0%         3d3       100%        5


Dungeon Overview and Level Annotations

Branches:
Dungeon (8/15)             Temple (1/1) D:4
   Lair: D:8-11

Altars:
Cheibriados
Elyvilon
Fedhas
Gozag
Hepliaklqana
Makhleb
Qazlal
Sif Muna
Trog
Vehumet
Wu Jian
Yredelemnul

Annotations:
D:8 Grum


Innate Abilities, Weirdness & Mutations

You are immune to sickness and miasma.
Your stone body is resilient. (AC +6)
You are immune to poison.
You resist negative energy. (rN+)
You are resistant to electric shocks. (rElec)
You are resistant to unholy torment.
You are immune to petrification.


Message History

You whack the wolf!
You feel better.
The wolf is severely wounded.
The wolf bites you but does no damage. Grum misses you.
You closely miss the wolf.
The wolf is severely wounded.
The wolf misses you. x2
You miss the wolf.
The wolf is severely wounded.
Grum misses you. The wolf bites you. x2
You hit the wolf.
The wolf is severely wounded.
The wolf bites you! The wolf bites you but does no damage.
Grum completely misses you. The wolf barely misses you.
You whack the wolf!
You kill the wolf!
Makhleb accepts your kill. The wolf barely misses you.
Grum hits you from afar with a -1 halberd.
The wolf misses you.
Your Fighting skill increases to level 7!
The wolf barely misses you. Grum hits you with a -1 halberd!!
The wolf closely misses you.
You whack the wolf!
You feel better.
The wolf is moderately wounded.
The wolf closely misses you. The wolf barely misses you.
Grum barely misses you.
You closely miss the wolf.
The wolf is moderately wounded.
The wolf bites you but does no damage. x2; Grum hits you with a -1 halberd!!
* * * LOW HITPOINT WARNING * * *
The wolf misses you. The wolf barely misses you.
You hit the wolf but do no damage.
The wolf is moderately wounded.
The wolf bites you but does no damage. The wolf misses you.
Grum closely misses you.
You barely miss the wolf.
The wolf is moderately wounded.
The wolf bites you but does no damage. x2; The wolf closely misses you.
Grum hits you with a -1 halberd!
You die...

..## # ...#### .. ..
....#. .. ...#.....
.##.. #...... .
##..#.. .......
.#.......
#....g##.........
#.@h..........
.###.h............
..................
...................
...##...............
## #............... #
..............# .#
........#....####.###
........#."..#........


You could see Grum and 2 wolves.

Vanquished Creatures
  Grinder (D:6)
  Sigmund (D:6)
  A steam dragon (D:6)
  Menkaure (D:4)
  A water moccasin (D:5)
  An orc warrior (D:4)
  An ice beast (D:5)
  A sky beast (D:7)
  A hornet zombie (D:8)
  4 centaurs
  A wolf (D:8)
  An ogre (D:5)
  A kobold brigand (D:7)
  A phantom (D:4)
  2 bullfrogs
  Blork the orc (D:4)
  2 scorpions (D:7)
  2 wyvern zombies
  A water moccasin skeleton (D:5)
  2 wights (D:8)
  2 howler monkeys
  A gnoll shaman (D:7)
  A hound (D:6)
  Crazy Yiuf (D:6)
  An orc priest (D:4)
  A centaur skeleton (D:6)
  4 iguanas
  4 orc wizards
  A killer bee zombie (D:6)
  2 hound skeletons (D:4)
  A howler monkey zombie (D:6)
  Robin (D:3)
  6 adders
  6 gnolls
  3 shadow imps
  3 ufetubi
  3 worms
  2 dart slugs (D:1)
  16 orcs
  7 bats
  7 endoplasms
  3 giant cockroaches
  16 goblins
  8 hobgoblins
  3 jackals (D:1)
  8 kobolds
  12 quokkas
  4 ball pythons
  5 frilled lizards
  8 rats
167 creatures vanquished.

Notes
Turn   | Place    | Note
-------+----------+-------------------------------------------
     0 | D:1      | feta the Gargoyle Gladiator began the quest for the Orb.
     0 | D:1      | Reached XP level 1. HP: 12/12 MP: 1/1
    76 | D:1      | Reached XP level 2. HP: 16/18 MP: 2/2
   216 | D:1      | Learned a level 1 spell: Pain
   461 | D:1      | Reached XP level 3. HP: 20/22 MP: 3/3
  1434 | D:2      | Found a faded altar of an unknown god.
  1458 | D:2      | Identified the +1 leather armour of the Thunderstorm {rN+
                  | MP+9 Dex-4}
  1720 | D:2      | Reached XP level 4. HP: 27/27 MP: 4/4
  2238 | D:3      | Reached skill level 3 in Fighting
  2381 | D:3      | Reached skill level 1 in Necromancy
  2381 | D:3      | Reached XP level 5. HP: 32/32 MP: 5/5
  2540 | D:3      | Identified the +9 whip of Nuloydezxywu {vamp, Str+4}
  3177 | D:4      | Noticed Robin
  3314 | D:3      | Killed Robin
  3323 | D:3      | Reached XP level 6. HP: 38/38 MP: 6/6
  3429 | D:4      | Found a staircase to the Ecumenical Temple.
  3448 | Temple   | Entered the Ecumenical Temple
  3457 | Temple   | Became a worshipper of Makhleb the Destroyer
  3518 | D:4      | Found an ornate altar of the Wu Jian Council.
  3569 | D:4      | Noticed Blork the orc
  3577 | D:4      | Reached skill level 4 in Fighting
  3580 | D:4      | Killed Blork the orc
  3787 | D:4      | Noticed an orc warrior
  3809 | D:4      | Killed an orc warrior
  3810 | D:4      | Reached XP level 7. HP: 6/44 MP: 1/7
  3822 | D:4      | Reached skill level 5 in Axes
  4033 | D:4      | Noticed Menkaure
  4043 | D:4      | Killed Menkaure
  4044 | D:4      | Reached skill level 5 in Fighting
  4309 | D:5      | Entered Level 5 of the Dungeon
  4387 | D:5      | Reached XP level 8. HP: 50/50 MP: 8/8
  4634 | D:5      | Reached * piety under Makhleb
  4780 | D:5      | Reached skill level 1 in Armour
  4780 | D:5      | Reached skill level 1 in Invocations
  5238 | D:6      | Noticed Grinder
  5484 | D:6      | Paralysed by Grinder for 4 turns
  5512 | D:6      | Killed Grinder
  5513 | D:6      | Reached skill level 6 in Fighting
  5513 | D:6      | Reached skill level 1 in Spellcasting
  5828 | D:6      | Noticed Sigmund
  5843 | D:6      | Killed Sigmund
  5844 | D:6      | Reached XP level 9. HP: 55/55 MP: 11/11
  6303 | D:6      | Found a runed translucent door.
  6304 | D:6      | Noticed Crazy Yiuf
  6311 | D:6      | Killed Crazy Yiuf
  6598 | D:7      | Identified the ring of Aliekhi {Ice rN+ MP-9 Str+4 SInv}
  7391 | D:8      | Noticed Grum
  7401 | D:8      | Reached skill level 7 in Fighting
  7405 | D:8      | Slain by Grum

Illustrated notes

Levels and vault maps discovered:
D:1:      lightli_iron_boxes, layout_basic, minmay_tromino_v4_c
D:2:      layout_basic, chequers_ecumenical_altar_twisty
D:3:      layout_basic, minmay_puff
D:4:      layout_rooms, nzn_wu_jian_council_hall, minmay_temple_entry_ruins,
          gup_sewer_entry_spiral, serial_park_tiny_2,
          nicolae_elevator_lobby_plus, uniq_robin, uniq_blork_the_orc,
          uniq_menkaure
D:5:      layout_basic, chequers_decorated_corner
D:6:      layout_cave_pools, nicolae_fountain_basement, uniq_grinder,
          uniq_sigmund, uniq_crazy_yiuf_cottage
D:7:      layout_basic
D:8:      layout_cave_pools, uniq_erica, uniq_grum
Temple:   grunt_wide_crystal_templ

Skill      XL: |  1  2  3  4  5  6  7  8  9 |
---------------+----------------------------+-----
Axes           | 3 4 5 6 |  6.6
Fighting       | 3 4 5 6 7 |  7.0
Dodging        | 3 4 |  4.0
Necromancy     | 1 2 3 4 |  4.8
Armour         | 2 4 |  4.1
Invocations    | 2 4 |  4.1
Spellcasting   | 1 2 |  2.9
Throwing       | |  1.7
Evocations     | |  0.2

Action                   |  1- 3 |  4- 6 |  7- 9 || total
-------------------------+-------+-------+-------++-------
Melee: War axe           |   106 |    42 |       ||   148
       Punch             |     1 |     2 |     3 ||     6
       Whip              |       |   116 |   329 ||   445
 Cast: Pain              |       |       |    25 ||    25
  Use: Potion            |       |       |     1 ||     1
 Stab: Sleeping          |       |       |     1 ||     1
Armor: Leather armour    |    48 |    89 |    78 ||   215
       Steam dragon scal |       |       |    54 ||    54
Dodge: Dodged            |    60 |    96 |   292 ||   448

Table legend: (Time is in decaauts)
 A = Elapsed time spent in this place.
 B = Non-inter-level travel time spent in this place.
 C = Inter-level travel time spent in this place.
 D = Time resting spent in this place.
 E = Time spent auto-exploring this place.
 F = Levels seen in this place.
 G = Mean time per level.
                   A        B        C        D        E       F      G
               +--------+--------+--------+--------+--------+-----+--------+
         Total |   7460 |   7217 |    243 |    119 |   5407 |   9 |  828.9 |
       Dungeon |   7441 |   7206 |    235 |    119 |   5407 |   8 |  930.1 |
        Temple |     18 |     10 |      8 |      0 |      0 |   1 |   18.0 |
               +--------+--------+--------+--------+--------+-----+--------+

Top non-repeatable levels by time:
     D:3: 1332 daAuts
     D:1: 1222 daAuts
     D:6: 1096 daAuts
     D:5: 993 daAuts
     D:4: 964 daAuts
     D:2: 852 daAuts
     D:7: 783 daAuts
     D:8: 197 daAuts
  Temple: 18 daAuts
